 Dungeon Crawl Stone Soup version 0.22.0-6-g71bd7aa6b3 (webtiles) character file.

42 Elric the Shield-Bearer (level 3, 0/29 HPs)
             Began as a Formicid Fighter on Aug 15, 2018.
             Slain by an adder (1 damage)
             ... on level 2 of the Dungeon.
             The game lasted 00:01:11 (840 turns).

Elric the Shield-Bearer (Formicid Fighter)           Turns: 840, Time: 00:01:12

Health: 0/29       AC:  6    Str: 26    XL:     3   Next: 77%
Magic:  3/3        EV:  8    Int: 12    God:
Gold:   35         SH: 10    Dex: 10    Spells: 2/2 levels left

rFire    . . .     SeeInvis +   a - +0 long sword
rCold    . . .     Gourm    .   c - +0 shield
rNeg     + . .     Faith    .   b - +0 scale mail
rPois    .         Spirit   .   (helmet unavailable)
rElec    .         Reflect  .   (no cloak)
rCorr    .         Harm     .   (no gloves)
MR       .....                  (no boots)
Stlth    ..........             (no amulet)
HPRegen  0.09/turn              h - ring of positive energy
MPRegen  0.08/turn              (no ring)

@: mighty, brilliant, lethally poisoned (0 -> -3)
A: permanent stasis, dig shafts and tunnels, four strong arms, antennae 3
a: Dig, Shaft Self


You were on level 2 of the Dungeon.
You were not hungry.

You visited 1 branch of the dungeon, and saw 2 of its levels.

You collected 35 gold pieces.

Inventory:

Hand Weapons
 a - a +0 long sword (weapon)
Armour
 b - a +0 scale mail (worn)
 c - a +0 shield (worn)
Jewellery
 h - a ring of positive energy (left hand)
Scrolls
 e - 3 scrolls of remove curse {unknown}
 i - a scroll of identify {unknown}
Potions
 g - a potion of brilliance
Comestibles
 f - 4 rations


   Skills:
 + Level 3.6 Fighting
 + Level 2.8 Long Blades
 + Level 3.5 Armour
 + Level 0.2 Dodging
 + Level 4.1 Shields


You had 2 spell levels left.
You didn't know any spells.
Your spell library was empty.

Dungeon Overview and Level Annotations

Branches:
Dungeon (2/15)

Altars:


Innate Abilities, Weirdness & Mutations

You cannot be hasted, slowed, berserked, paralysed or teleported.
You can dig through walls and to a lower floor.
Your four strong arms can wield two-handed weapons with a shield.
You have a pair of large antennae on your head. (SInv)


Message History

The adder is severely wounded.
You block the adder's attack. x2
You are too injured to fight recklessly!
You closely miss the adder.
The adder is severely wounded.
* * * LOW HITPOINT WARNING * * *
You feel sick.
The adder bites you but does no damage. x2
You barely miss the adder.
The adder is severely wounded.
The adder barely misses you. The adder completely misses you.
It was a potion of brilliance.
You feel clever all of a sudden.
* * * LOW HITPOINT WARNING * * *
You feel sick. The adder barely misses you.
You feel very mighty all of a sudden. You block the adder's attack.
You barely miss the adder.
The adder is heavily wounded.
You block the adder's attack. The adder bites you.
You die...

................#.#######.#
.########.......#)..# #.#
...............###.# #.#
#..............###.#####.#
#.#######.=..............#
#.....####.#######
#l######.........# #S#
#.#.###.### #@# #.#...{
..#.######.#####
#.#...........#
#.########.##.# #.# #.##.#
#.########.##.#
#.#.........#.#
###.#.#########.#
#.#.............#


You could see an adder and a frilled lizard.

Vanquished Creatures
  An ooze (D:2)
  A worm (D:2)
  2 dart slugs
  A leopard gecko (D:1)
  3 bats (D:1)
  3 giant cockroaches
  2 goblins
  2 hobgoblins (D:1)
  A quokka (D:2)
  A ball python (D:2)
  2 frilled lizards (D:1)
  5 kobolds (D:1)
  5 rats (D:1)
29 creatures vanquished.

Notes
Turn   | Place    | Note
-------+----------+-------------------------------------------
     0 | D:1      | Elric the Formicid Fighter began the quest for the Orb.
     0 | D:1      | Reached XP level 1. HP: 18/18 MP: 1/1
    94 | D:1      | Reached XP level 2. HP: 24/24 MP: 2/2
   340 | D:1      | Reached skill level 4 in Shields
   340 | D:1      | Reached XP level 3. HP: 29/29 MP: 3/3
   836 | D:2      | HP: 1/29 [poisoned by an adder]
   840 | D:2      | Slain by an adder

Skill      XL: |  1  2 |
---------------+-------+-----
Shields        | 4 |  4.1
Fighting       | |  3.6
Long Blades    | |  2.8
Armour         | |  3.5
Dodging        | |  0.2

Action                   || total
-------------------------++-------
Melee: Long sword        ||    86
  Use: Potion            ||     2
Armor: Scale mail        ||    29
Dodge: Dodged            ||    32
Block: Shield            ||    54
       Rpst.: Long sword ||     9
